 Dungeon Crawl Stone Soup version 0.30-a0-618-gd6c86c23d0 (webtiles) character file.

Game seed: 7164567683989617198

93 avis the Chopper (level 4, -3/41 HPs)
             Began as a Hill Orc Monk on Jan 9, 2023.
             Slain by Terence
             ... wielding a +2 flail of protection
              (8 damage)
             ... on level 2 of the Dungeon.
             The game lasted 00:10:28 (2003 turns).

avis the Chopper (Hill Orc Monk)                    Turns: 2003, Time: 00:10:28

Health: -3/41      AC:  6    Str: 15    XL:     4   Next: 62%
Magic:  4/4        EV: 10    Int: 10    God:
Gold:   151        SH:  0    Dex: 13    Spells: 1/3 levels left

rFire   . . .      SeeInvis .    a - +2 hand axe (freeze)
rCold   . . .      Faith    .    (no shield)
rNeg    . . .      Spirit   .    v - +0 scale mail
rPois   .          Reflect  .    (no helmet)
rElec   .          Harm     .    (no cloak)
rCorr   .          Rampage  .    (no gloves)
Will    .....                    (no boots) Stlth
                                 o - amulet of regeneration
HPRegen 1.06/turn                (no ring)
MPRegen 0.09/turn                (no ring)

@: no status effects
A: no striking features
a: no special abilities


You were on level 2 of the Dungeon.
You visited 1 branch of the dungeon, and saw 2 of its levels.

You collected 151 gold pieces.

Inventory:

Hand Weapons
 a - a +2 hand axe of freezing (weapon)
 f - a +1 dagger of speed
 g - a +0 spear
 m - a +2 dagger of venom
 p - a +0 spear
 q - a +0 long sword
Armour
 b - a +0 robe
 l - a +0 ring mail
 v - a +0 scale mail (worn)
Jewellery
 o - an amulet of regeneration (around neck)
Scrolls
 d - a scroll of silence {unknown}
 e - a scroll of immolation {unknown}
 h - a scroll of blinking {unknown}
 i - 2 scrolls of identify {unknown}
 j - a scroll of fog {unknown}
 r - a scroll of amnesia {unknown}
 s - a scroll of vulnerability {unknown}
 w - a scroll of teleportation {unknown}
 x - a scroll of poison {unknown}
Potions
 c - a potion of ambrosia
 k - a potion of invisibility {unknown}
 n - a potion of resistance {unknown}
 t - 2 potions of berserk rage {unknown}
 u - a potion of flight {unknown}
 z - a potion of attraction {unknown}


   Skills:
 + Level 4.6 Fighting
 * Level 6.2 Axes
 - Level 2.4 Dodging
 - Level 1.5 Stealth


You had one spell level left.
You knew the following spells:

 Your Spells              Type           Power      Damage    Failure   Level
e - Wereblood             Tmut           0%         N/A       94%         2

Your spell library contained the following spells:

 Spells                   Type           Power      Damage    Failure   Level
 Beastly Appendage        Tmut           0%         N/A       85%         1
 Slow                     Hex            0%         N/A       85%         1
 Confusing Touch          Hex            0%         N/A       99%         3
 Spider Form              Tmut/Pois      0%         N/A       99%         3
 Vampiric Draining        Necr           0%         2d6       99%         3


Dungeon Overview and Level Annotations

Branches:
Dungeon (2/15)

Altars:

Annotations:
D:2 Terence


Message History

You barely miss Terence.
Terence is severely wounded.
Terence barely misses you.
You closely miss Terence.
Terence is severely wounded.
Terence hits you but does no damage.
You completely miss Terence.
Terence is severely wounded.
Terence closely misses you.
You hit Terence but do no damage.
Terence is severely wounded.
Terence barely misses you.
You closely miss Terence.
Terence is severely wounded.
Terence closely misses you.
You closely miss Terence.
Terence is severely wounded.
Terence hits you with a +2 flail of protection.
You hit Terence. You freeze Terence.
Terence is almost dead.
Terence hits you with a +2 flail of protection!
* * * LOW HITPOINT WARNING * * *
You hit Terence but do no damage.
Terence is almost dead.
Terence hits you with a +2 flail of protection.
* * * LOW HITPOINT WARNING * * *
You barely miss Terence. You punch Terence, but do no damage.
Terence is almost dead.
Terence closely misses you.
You hit Terence but do no damage.
Terence is almost dead.
Terence hits you with a +2 flail of protection.
* * * LOW HITPOINT WARNING * * *
You barely miss Terence.
Terence is severely wounded.
Terence hits you but does no damage.
You hit Terence but do no damage.
Terence is severely wounded.
Terence hits you with a +2 flail of protection!
You die...

†......##..#...# ## #......
#####8..#..#...####. #......
##..######†#(...# #......
##'##..##..#$##.## #......
#...†.†....#.##..######......
#..........#.#...#...#.......
############.#.#...#...#.....
#@#...#...#[..#.##
#@...###.###.##.#
##....#...#...#.#
#...#...#...#.#.#
#.#...#...#...#.#
#..#.###.###.#..#
##....#...#....#
#..#...#...#.# #........#...#
#.....########


You could see Terence.

Vanquished Creatures
  2 adders (D:2)
  A gnoll (D:1)
  2 dart slugs
  8 endoplasms
  A giant cockroach (D:1)
  8 goblins
  5 hobgoblins
  2 jackals (D:1)
  2 quokkas (D:1)
  7 ball pythons
  6 bats
  8 frilled lizards (D:2)
  5 kobolds (D:1)
  3 rats
60 creatures vanquished.

Notes
Turn   | Place    | Note
-------+----------+-------------------------------------------
     0 | D:1      | avis the Hill Orc Monk began the quest for the Orb.
     0 | D:1      | Reached XP level 1. HP: 19/19 MP: 1/1
    24 | D:1      | Reached XP level 2. HP: 9/27 MP: 2/2
   274 | D:1      | Reached skill level 5 in Axes
   276 | D:1      | Reached XP level 3. HP: 21/33 MP: 3/3
   696 | D:1      | Found a faded altar of an unknown god.
  1255 | D:2      | Learned a level 2 spell: Wereblood
  1498 | D:2      | Reached XP level 4. HP: 41/41 MP: 4/4
  1805 | D:2      | Reached skill level 6 in Axes
  1975 | D:2      | Noticed Terence
  2003 | D:2      | Slain by Terence

Illustrated notes

Levels and vault maps discovered:
D:1:      saegor_arrival_simple_d, layout_basic,
          shapermc_ecumenical_altar_mp_ritualfount
D:2:      minmay_chambers_of_twos, layout_basic, basic_altar,
          minmay_misc_feat_four_crosses, minmay_quadrilaterals, uniq_terence

Skill      XL: |  1  2  3  4 |
---------------+-------------+-----
Fighting       | 4 |  4.6
Axes           | 5 6 |  6.2
Dodging        | |  2.4
Stealth        | |  1.5

Action                   |  1- 3 |  4- 6 || total
-------------------------+-------+-------++-------
Melee: Hand axe          |   130 |    73 ||   203
       Punch             |     2 |     1 ||     3
Throw: Javelin           |       |     2 ||     2
 Stab: Sleeping          |     2 |       ||     2
Armor: Robe              |    13 |       ||    13
       Ring mail         |    19 |     1 ||    20
       Scale mail        |       |    26 ||    26
Dodge: Dodged            |    78 |    33 ||   111

Table legend: (Time is in decaauts)
 A = Elapsed time spent in this place.
 B = Non-inter-level travel time spent in this place.
 C = Inter-level travel time spent in this place.
 D = Time resting spent in this place.
 E = Time spent auto-exploring this place.
 F = Levels seen in this place.
 G = Mean time per level.
                   A        B        C        D        E       F      G
               +--------+--------+--------+--------+--------+-----+--------+
         Total |   2012 |   1846 |    166 |    437 |    692 |   2 | 1006.0 |
       Dungeon |   2012 |   1846 |    166 |    437 |    692 |   2 | 1006.0 |
               +--------+--------+--------+--------+--------+-----+--------+

Top non-repeatable levels by time:
     D:1: 1237 daAuts
     D:2: 774 daAuts
